 Dungeon Crawl Stone Soup version 0.31.0-32-g396128a36d (webtiles) character file.

Game seed: 1222665141748612630

558 BlackCrag the Conjurer (level 7, -8/37 HPs)
             Began as a Deep Elf Conjurer on Apr 3, 2024.
             Mangled by a sleepcap (17 damage)
             ... on level 5 of the Dungeon.
             The game lasted 00:16:33 (4446 turns).

BlackCrag the Conjurer (Deep Elf Conjurer)          Turns: 4446, Time: 00:16:33

Health: -8/37      AC:  4    Str:  4    XL:     7   Next: 9%
Magic:  13/18      EV:  2    Int: 25    God:
Gold:   104        SH:  0    Dex: 13    Spells: 7/18 levels left

rFire   . . .        n - +3 dagger
rCold   . . .        (no shield)
rNeg    . . .        a - +0 robe
rPois   .            d - +1 hat
rElec   .            (no cloak)
rCorr   .            (no gloves)
SInv    .            f - +0 pair of boots
Will    +....        (no amulet)
Stlth   ++           t - ring of willpower
HPRegen 0.26/turn    (no ring)
MPRegen 0.16/turn

%: no passive effects
@: sleeping
A: no striking features
a: no special abilities


You were on level 5 of the Dungeon.
You visited 2 branches of the dungeon, and saw 6 of its levels.

You collected 152 gold pieces.
You spent 48 gold pieces at shops.

Inventory:

Hand Weapons
 n - a +3 dagger (weapon)
Missiles
 u - a throwing net
Armour
 a - a +0 robe (worn)
 d - a +1 hat (worn)
 f - a +0 pair of boots (worn)
Jewellery
 t - a ring of willpower (left hand)
Wands
 w - a wand of paralysis (8)
Scrolls
 c - a scroll of poison {unknown}
 e - a scroll of butterflies {unknown}
 i - a scroll of amnesia {unknown}
 m - a scroll of enchant weapon {unknown}
 o - a scroll of teleportation {unknown}
 p - a scroll of enchant armour {unknown}
 q - a scroll of immolation {unknown}
 s - a scroll of vulnerability {unknown}
 v - a scroll of noise {unknown}
Potions
 b - 3 potions of magic
 g - a potion of invisibility
 h - a potion of enlightenment {unknown}
 j - 4 potions of heal wounds {unknown}
 k - a potion of haste {unknown}
 l - 3 potions of resistance
 r - 2 potions of curing {unknown}


   Skills:
 + Level 0.8 Fighting
 + Level 2.6 Dodging
 + Level 3.5 Stealth
 * Level 6.0 Spellcasting
 * Level 7.8 Conjurations


You had 7 spell levels left.
You knew the following spells:

 Your Spells              Type           Power      Damage    Failure   Level
a - Magic Dart            Conj           100%       1d8       1%          1
b - Searing Ray           Conj           92%        2d7       1%          2
c - Fulminant Prism       Conj/Alch      13%        3d8       14%         4
d - Iskenderun's Mystic   Conj/Tloc      27%        2d7       16%         4

Your spell library contained the following spells:

 Spells                   Type           Power      Damage    Failure   Level
 Iskenderun's Battlesphe  Conj           46%        2d10      9%          5
 Lesser Beckoning         Tloc           14%        N/A       11%         2
 Brom's Barrelling Bould  Conj/Erth      27%        2d5       16%         4
 Gell's Gravitas          Tloc           7%         N/A       22%         3
 Teleport Other           Tloc           7%         N/A       22%         3
 Fireball                 Conj/Fire      13%        3d7       38%         5
 Conjure Ball Lightning   Conj/Air       13%        3x3d6     93%         6
 Orb of Destruction       Conj           23%        9d8       95%         7


Dungeon Overview and Level Annotations

Branches:
Dungeon (5/15)             Temple (1/1) D:4

Altars:
Ashenzari
Cheibriados
Dithmenos
Elyvilon
Fedhas
Gozag
Hepliaklqana
Kikubaaqudgha
Makhleb
Nemelex Xobeh
Okawaru
Qazlal
Ru
Sif Muna
Trog
Uskayaw
Wu Jian
Xom
Yredelemnul
Zin
The Shining One

Shops:
D:2 *


Message History

You kill the hound!
Your Spellcasting skill increases to level 6!
Aiming: Magic Dart (safe; 1% risk of failure)
Press: ? - help, Q - select action, (/) - cycle Shift-Dir - straight line, f - sleepcap
Aim: a sleepcap (100% to hit)
The magic dart hits the sleepcap.
The sleepcap is lightly damaged.
You climb upwards.
There is a stone staircase leading down here.
You start resting.
Magic restored.
You climb downwards.
The sleepcap releases spores at you!
You are engulfed in a cloud of soporific spores!
You fall asleep.
The sleepcap releases spores at you!
You wake up.
There is a stone staircase leading up, spattered with blood here.
Casting: Magic Dart (safe; 1% risk of failure)
Confirm with . or Enter, or press ? or * to list all spells.
Aiming: Searing Ray (safe; 1% risk of failure)
Press: ? - help, Shift-Dir - straight line, f - sleepcap
Aim: a sleepcap (100% to hit)
The searing ray hits the sleepcap.
The sleepcap is moderately damaged. (Press . to maintain the ray.)
The sleepcap releases spores at you!
The searing ray hits the sleepcap!
The sleepcap is heavily damaged.
The sleepcap closely misses you.
The searing ray hits the sleepcap!
The sleepcap is severely damaged.
The sleepcap releases spores at you but does no damage.
The searing ray hits the sleepcap but does no damage.
The sleepcap is severely damaged.
You finish channelling your searing ray.
The sleepcap releases spores at you.
* * * LOW HITPOINT WARNING * * *
You are engulfed in a cloud of soporific spores!
You fall asleep.
The sleepcap releases spores at you!
You die...

..# #.. #..## #.#
....##.# .# .# ......###
#.## .# ...##......#
#..###.#
..........####..#...# #
##.>.f.....#.....#
#.#...@รท...........##
..#...##......[.......#
....................#.###
.....###..#......#.......
..........####...........
.................#.......
........................
........)##.............
..............##.##.....


You could see a sleepcap.

Vanquished Creatures
  A sky beast (D:4)
  A scorpion (D:5)
  A jelly (D:3)
  2 hounds (D:5)
  An orc priest (D:5)
  Terence (D:2)
  2 orc wizards (D:4)
  3 gnolls (D:3)
  8 adders
  3 ufetubi
  A ribbon worm (D:2)
  A dart slug (D:2)
  14 orcs
  4 ball pythons
  6 endoplasms
  3 giant cockroaches
  10 goblins
  6 hobgoblins
  2 quokkas
  4 bats
  3 frilled lizards
  12 kobolds
  8 rats
97 creatures vanquished.

Vanquished Creatures (others)
  6 fulminant prisms
6 creatures vanquished.

Grand Total: 103 creatures vanquished

Notes
Turn   | Place    | Note
-------+----------+-------------------------------------------
     0 | D:1      | BlackCrag the Deep Elf Conjurer began the quest for the
                  | Orb.
     0 | D:1      | Reached XP level 1. HP: 10/10 MP: 6/6
   321 | D:1      | Reached XP level 2. HP: 15/15 MP: 1/8
   509 | D:1      | Reached skill level 5 in Conjurations
  1079 | D:1      | Reached XP level 3. HP: 19/19 MP: 7/9
  1082 | D:1      | Learned a level 2 spell: Searing Ray
  1812 | D:2      | Reached XP level 4. HP: 24/24 MP: 8/11
  1812 | D:2      | Found Paoroed's Assorted Antiques.
  1821 | D:2      | Learned a level 4 spell: Fulminant Prism
  1838 | D:2      | Bought a scroll labelled BUUSAKHL YHUY for 24 gold pieces
  1838 | D:2      | Bought a scroll labelled EVIPTI WEGAU for 24 gold pieces
  2278 | D:2      | Noticed Terence
  2287 | D:2      | Killed Terence
  2288 | D:2      | Reached skill level 6 in Conjurations
  2491 | D:3      | Identified a scroll of acquirement
  2492 | D:3      | Acquired a book of the Spheres
  2588 | D:3      | Reached XP level 5. HP: 28/28 MP: 6/12
  2724 | D:3      | Learned a level 4 spell: Iskenderun's Mystic Blast
  3047 | D:3      | Found a faded altar of an unknown god.
  3164 | D:4      | Found a staircase to the Ecumenical Temple.
  3247 | Temple   | Entered the Ecumenical Temple
  3362 | D:4      | Reached skill level 7 in Conjurations
  3436 | D:4      | Reached XP level 6. HP: 31/33 MP: 7/14
  3742 | D:4      | Noticed a sky beast
  3750 | D:4      | Killed a sky beast
  3751 | D:4      | Reached skill level 5 in Spellcasting
  4074 | D:5      | Entered Level 5 of the Dungeon
  4268 | D:5      | Reached XP level 7. HP: 31/37 MP: 10/17
  4446 | D:5      | Mangled by a sleepcap

Illustrated notes

Levels and vault maps discovered:
D:1:      dpeg_arrival_leaves_temple_mockup, layout_basic
D:2:      layout_basic, serial_shops, shop, minmay_goblin_kobold_house,
          uniq_terence
D:3:      layout_rooms, shapermc_ecumenical_altar_flowoftime
D:4:      layout_cave_pools, minmay_temple_entry_statues_fountains, minivault_23
D:5:      layout_rooms
Temple:   compressed_dpeg_circular_temple

Skill      XL: |  1  2  3  4  5  6  7 |
---------------+----------------------+-----
Conjurations   | 5 6 7 |  7.8
Stealth        | 3 |  3.5
Spellcasting   | 4 5 6 |  6.0
Fighting       | |  0.8
Dodging        | |  2.6

Action                     |  1- 3 |  4- 6 |  7- 9 || total
---------------------------+-------+-------+-------++-------
   Cast: Magic Dart        |    53 |    94 |     7 ||   154
         Searing Ray       |     2 |    11 |     3 ||    16
         Fulminant Prism   |       |     6 |       ||     6
         Iskenderun's Myst |       |       |     1 ||     1
    Use: Scroll            |       |     7 |       ||     7
 Armour: Robe              |     6 |    24 |    10 ||    40
  Dodge: Dodged            |     1 |    21 |     6 ||    28
